Match 45165627
Unlisted

Match 45165627
End
Kradschützen Motorcycle Team
Selects Italian Combined Arms Battlegroup
Selects Bersaglieri Squad
Bersaglieri Squad
Bersaglieri Squad
Construct Light Support Kompanie
Panzerjäger Squad
Fire Support Elements
Selects Bersaglieri Bolster
Bersaglieri Squad
2.5-tonne Medical Truck
Pak 38 Mechanized Group
Selects Breda Model 30 Light Machine Guns
Combat Half-tracks
Construct Panzerarmee Kommand
Panzer III L Medium Tank
Kingcastle
Paradox
SoF Ya Nos
Halal Headshot
0
0

Comments sign in to comment!

No comments posted yet!